[Event "December 19 Early 2023"]
[Site "https://www.chess.com"]
[Date "2023.12.19"]
[Round "8"]
[White "Barwinska, Ewa"]
[Black "Santos, Isaque Goncalves"]
[Result "1-0"]
[Board "172"]
[TimeControl "180+1"]
[WhiteFideId "21833761"]
[BlackFideId "2103885"]
[WhiteElo "1879"]
[BlackElo "1901"]
[WhiteTeam "POL"]
[BlackTeam "BRA"]
[WhiteClock "0:00:30"]
[BlackClock "0:00:00"]

1. e4 e6 2. d4 d5 3. Nc3 Nf6 4. e5 Nfd7 5. f4 c5 6. Nf3 Nc6 7. Be3 Qb6 8. Na4 Qa5+ 9. c3 cxd4 10. b4 Qc7 11. Nxd4 Nxd4 12. Bxd4 Be7 13. Bd3 a5 14. a3 b6 15. O-O Ba6 16. Bxa6 Rxa6 17. Qd3 Ra8 18. Qb5 O-O 19. Nxb6 Nxb6 20. Qxb6 Qc4 21. Qb7 Rfe8 22. f5 Rab8 23. Qd7 axb4 24. fxe6 fxe6 25. axb4 Bg5 26. Qf7+ Kh8 27. Ra7 Bh6 28. Re7 1-0

[Event "December 19 Early 2023"]
[Site "https://www.chess.com"]
[Date "2023.12.19"]
[Round "8"]
[White "Zepeda Berlanga, Jan Enrique"]
[Black "Lund, Gunnar"]
[Result "0-1"]
[Board "173"]
[TimeControl "180+1"]
[WhiteFideId "5132355"]
[BlackFideId "1520814"]
[WhiteElo "1680"]
[BlackElo "2233"]
[WhiteTeam "MEX"]
[BlackTeam "NOR"]
[WhiteClock "0:00:41"]
[BlackClock "0:02:38"]

1. e4 e6 2. Nf3 d5 3. exd5 exd5 4. d4 Nf6 5. Bd3 c5 6. O-O c4 7. Be2 Be7 8. a4 O-O 9. b3 cxb3 10. cxb3 Nc6 11. Re1 Bf5 12. Bf4 Rc8 13. Bd3 Bxd3 14. Qxd3 Nb4 15. Qe2 Nc2 16. Qxe7 Nxa1 17. Na3 Nxb3 18. Nb5 Re8 19. Qxd8 Rcxd8 20. Ne5 a6 21. Rb1 axb5 22. Rxb3 bxa4 23. Rxb7 Ra8 24. h4 a3 25. Rb1 a2 26. Ra1 Reb8 27. Bd2 Rb1+ 0-1

[Event "December 19 Early 2023"]
[Site "https://www.chess.com"]
[Date "2023.12.19"]
[Round "8"]
[White "Zainullina, Nataliya"]
[Black "Shapiro, Daniel"]
[Result "0-1"]
[Board "174"]
[TimeControl "180+1"]
[WhiteFideId "4145488"]
[BlackFideId "2001780"]
[WhiteElo "2224"]
[BlackElo "2297"]
[WhiteTeam "RUS"]
[BlackTeam "USA"]
[WhiteClock "0:00:05"]
[BlackClock "0:00:44"]

1. e4 c5 2. Nc3 Nc6 3. g3 a6 4. Nge2 e6 5. Bg2 b5 6. d4 cxd4 7. Nxd4 Bb7 8. O-O Bb4 9. Nde2 Qc7 10. a3 Be7 11. Bf4 d6 12. Be3 Nf6 13. h3 Na5 14. Qd3 O-O 15. Rad1 Rfd8 16. Kh1 Rac8 17. Nd4 Nc4 18. Bc1 d5 19. exd5 Nxd5 20. Nxd5 Bxd5 21. c3 Bxg2+ 22. Kxg2 e5 23. b3 Nb6 24. Nxb5 Qc6+ 25. Qf3 Qxf3+ 26. Kxf3 axb5 27. Rxd8+ Rxd8 28. Be3 Nd5 29. c4 Nxe3 30. Kxe3 bxc4 31. bxc4 Bxa3 32. Ra1 Bc5+ 33. Kf3 f5 34. Ra5 Bd4 35. g4 g6 36. gxf5 gxf5 37. c5 Rc8 38. Ke2 Rxc5 39. Ra8+ Kf7 40. f3 Rc3 0-1

[Event "December 19 Early 2023"]
[Site "https://www.chess.com"]
[Date "2023.12.19"]
[Round "8"]
[White "Larina, Maria"]
[Black "Mende, Andreas"]
[Result "0-1"]
[Board "176"]
[TimeControl "180+1"]
[WhiteFideId "24113182"]
[BlackFideId "4631102"]
[WhiteElo "1848"]
[BlackElo "2074"]
[WhiteTeam "FID"]
[BlackTeam "GER"]
[WhiteClock "0:00:09"]
[BlackClock "0:00:25"]

1. e4 c5 2. Nc3 Nc6 3. g3 g6 4. Bg2 Bg7 5. d3 d6 6. Be3 Rb8 7. a4 a6 8. Qd2 b5 9. axb5 axb5 10. Nge2 b4 11. Nd1 Bd7 12. O-O Qb6 13. f4 Nh6 14. h3 f5 15. c3 bxc3 16. bxc3 O-O 17. Kh2 e6 18. d4 cxd4 19. cxd4 Qb4 20. Ndc3 fxe4 21. Rfb1 Qc4 22. Nxe4 Nf5 23. Rd1 Rb3 24. Bf2 Rfb8 25. g4 Rb2 26. Qc3 Qxe2 27. Re1 Qc2 28. gxf5 gxf5 29. Qxc2 Rxc2 30. Nxd6 Rxf2 31. Kg1 Rbb2 32. Bh1 Bxd4 33. Rad1 Rh2+ 34. Rxd4 Nxd4 35. Nc4 Rbc2 36. Ne3 Ra2 37. Nc4 Bc6 38. Bxc6 Nxc6 39. Rxe6 Nd4 40. Re1 Nf3+ 41. Kf1 Raf2# 0-1

[Event "December 19 Early 2023"]
[Site "https://www.chess.com"]
[Date "2023.12.19"]
[Round "8"]
[White "Kotlyar, Kirill"]
[Black "Vila Dupla, Aurelio"]
[Result "1-0"]
[Board "177"]
[TimeControl "180+1"]
[WhiteFideId "24145599"]
[BlackFideId "2203383"]
[WhiteElo "2397"]
[BlackElo "2009"]
[WhiteTeam "RUS"]
[BlackTeam "ESP"]
[WhiteClock "0:00:50"]
[BlackClock "0:00:00"]

1. e4 c5 2. Nf3 d6 3. d4 cxd4 4. Qxd4 Nc6 5. Bb5 Bd7 6. Bxc6 Bxc6 7. Nc3 Nf6 8. Bg5 e6 9. O-O-O Be7 10. Qd3 O-O 11. Nd4 Qa5 12. f4 Rfc8 13. h4 Bd8 14. h5 h6 15. Bxf6 Bxf6 16. f5 exf5 17. Nxf5 Bxc3 18. bxc3 Rd8 19. Qg3 Qe5 20. Qxe5 dxe5 21. Ne7+ Kf8 22. Nxc6 bxc6 23. Rd3 Rxd3 24. cxd3 Ke7 25. Kc2 Rb8 26. Rd1 c5 27. Rf1 Rb6 28. a4 Ke6 29. g4 a5 30. Rf5 g6 31. hxg6 fxg6 32. Rf8 Ke7 33. Rh8 h5 34. gxh5 gxh5 35. Rh7+ Kf8 36. Rxh5 Re6 37. Rh7 Rg6 38. Ra7 Rg2+ 39. Kb3 1-0

[Event "December 19 Early 2023"]
[Site "https://www.chess.com"]
[Date "2023.12.19"]
[Round "8"]
[White "Tilahun , Abel Mathewos"]
[Black "Sarkar, Justin"]
[Result "1-0"]
[Board "178"]
[TimeControl "180+1"]
[WhiteFideId "15702391"]
[BlackFideId "2010011"]
[WhiteElo "1917"]
[BlackElo "2138"]
[WhiteTeam "ETH"]
[BlackTeam "USA"]
[WhiteClock "0:00:13"]
[BlackClock "0:00:00"]

1. d4 Nf6 2. c4 e6 3. Nf3 c6 4. Nc3 d5 5. e3 Nbd7 6. Bd3 dxc4 7. Bxc4 b5 8. Bd3 b4 9. Na4 c5 10. O-O Be7 11. e4 O-O 12. Nxc5 Bxc5 13. dxc5 Nxc5 14. e5 Qxd3 15. exf6 Qxd1 16. Rxd1 gxf6 17. Bf4 e5 18. Bh6 Re8 19. Rd5 Ne6 20. Nh4 Nd4 21. h3 Be6 22. Rd6 Rec8 23. f4 Rd8 24. Ra6 Ne2+ 25. Kh2 Nxf4 26. Bxf4 exf4 27. Ra4 a5 28. a3 b3 29. Rxf4 Rd2 30. Rf3 Rc8 31. Rg3+ Kf8 32. Rb1 Rcc2 33. Nf3 Rf2 34. Rd1 Rxb2 35. Rd8+ Ke7 36. Ra8 Rbc2 37. Ra7+ Kd6 38. Ra6+ Kc7 39. Rxa5 b2 40. Rb5 Rf1 41. Nd4 Rcf2 42. Nxe6+ fxe6 43. Rc3+ 1-0

[Event "December 19 Early 2023"]
[Site "https://www.chess.com"]
[Date "2023.12.19"]
[Round "8"]
[White "Levine, David"]
[Black "Guzman Lozano, Campo Elias"]
[Result "1-0"]
[Board "179"]
[TimeControl "180+1"]
[WhiteFideId "2011611"]
[BlackFideId "4403746"]
[WhiteElo "2017"]
[BlackElo "2099"]
[WhiteTeam "USA"]
[BlackTeam "COL"]
[WhiteClock "0:00:02"]
[BlackClock "0:00:00"]

1. d4 Nf6 2. c4 e6 3. g3 d5 4. Bg2 dxc4 5. Nf3 c6 6. O-O Nbd7 7. Nbd2 Nb6 8. Qc2 Be7 9. Nxc4 Nxc4 10. Qxc4 Qa5 11. Bd2 Qh5 12. h3 O-O 13. Ne5 b5 14. Qd3 Nd7 15. g4 Nxe5 16. dxe5 Qxe5 17. Bxc6 Rd8 18. Qf3 Rxd2 19. Bxa8 Bd6 20. Rfd1 Qh2+ 21. Kf1 Bb4 22. Rxd2 Bxd2 23. Rd1 Ba5 24. Rc1 Qb8 25. Bc6 h6 26. e3 b4 27. Kg2 Bb6 28. Be4 Ba6 29. Kg1 Qe5 30. Bb7 Bxb7 31. Qxb7 Kh7 32. b3 Qb2 33. Rc8 Qxa2 34. Qe4+ g6 35. Qf4 Qa1+ 36. Kg2 Kg7 37. h4 Qf6 38. Qxf6+ Kxf6 39. Rc4 a5 40. Rc6 Bd8 41. f4 Ke7 42. Ra6 Kd7 43. Ra7+ Ke8 44. Kf3 Bxh4 45. Rxa5 Be1 46. Ra7 Kf8 47. e4 Kg7 48. e5 Bc3 49. Ke4 h5 50. f5 1-0

[Event "December 19 Early 2023"]
[Site "https://www.chess.com"]
[Date "2023.12.19"]
[Round "8"]
[White "Demina, Marya"]
[Black "Olcayoz, Gizem"]
[Result "1/2-1/2"]
[Board "180"]
[TimeControl "180+1"]
[WhiteFideId "4195671"]
[BlackFideId "6301444"]
[WhiteElo "1978"]
[BlackElo "1856"]
[WhiteTeam "RUS"]
[BlackTeam "TUR"]
[WhiteClock "0:00:34"]
[BlackClock "0:00:33"]

1. d4 e6 2. Nf3 f5 3. g3 Nf6 4. Bg2 Be7 5. O-O O-O 6. c4 d6 7. Nc3 Ne4 8. Qc2 Nxc3 9. Qxc3 a5 10. b3 Nc6 11. Bb2 Bf6 12. Qd2 e5 13. dxe5 dxe5 14. Qc2 e4 15. Bxf6 Qxf6 16. Nd2 g5 17. Rad1 Be6 18. Rfe1 Rad8 19. Nf1 Bf7 20. Ne3 Nd4 21. Qc1 c6 22. Nc2 Ne6 23. Qe3 Bh5 24. Bf1 Qe5 25. Qb6 Qc7 26. Qe3 Qe5 27. Qb6 Qc7 28. Qe3 Qe5 1/2-1/2

[Event "December 19 Early 2023"]
[Site "https://www.chess.com"]
[Date "2023.12.19"]
[Round "8"]
[White "Bushonica"]
[Black "Polak, Kinga"]
[Result "0-1"]
[Board "181"]
[TimeControl "180+1"]
[BlackFideId "1134680"]
[WhiteElo "1908"]
[BlackElo "2075"]
[BlackTeam "POL"]
[WhiteClock "0:01:18"]
[BlackClock "0:02:34"]

1. e4 c5 2. Nf3 Nc6 3. d4 cxd4 4. Nxd4 g6 5. Nc3 Bg7 6. Be3 Nf6 7. Bd3 O-O 8. O-O d5 9. exd5 Nb4 10. a3 Nbxd5 11. Nxd5 Nxd5 12. c3 Nxe3 13. fxe3 e5 14. Nb3 Qb6 15. Re1 Be6 16. Bc2 Rad8 17. Nd2 Qxb2 18. a4 Qxc3 19. Re2 Bg4 0-1

[Event "December 19 Early 2023"]
[Site "https://www.chess.com"]
[Date "2023.12.19"]
[Round "8"]
[White "Bogumil, Tatiana"]
[Black "Saim, Mohamed Ilias"]
[Result "1-0"]
[Board "182"]
[TimeControl "180+1"]
[WhiteFideId "4110579"]
[BlackFideId "7900465"]
[WhiteElo "1853"]
[BlackElo "2063"]
[WhiteTeam "RUS"]
[BlackTeam "ALG"]
[WhiteClock "0:00:01"]
[BlackClock "0:00:00"]

1. Nf3 c5 2. c4 g6 3. d4 Bh6 4. e3 cxd4 5. Nxd4 Nc6 6. Nc3 Nf6 7. Be2 O-O 8. O-O a6 9. b3 Nxd4 10. Qxd4 Bg7 11. Bb2 d6 12. Bf3 Rb8 13. Rfd1 Be6 14. Qd2 Qa5 15. Nd5 Qd8 16. Nxf6+ Bxf6 17. Bxf6 exf6 18. Qxd6 Qa5 19. Qf4 Kg7 20. Bd5 Qb6 21. Rac1 Rbd8 22. h4 Bxd5 23. cxd5 Rd6 24. e4 Rfd8 25. h5 g5 26. h6+ Kxh6 27. Qf5 Kg7 28. g3 Qb5 29. Kg2 Qd7 30. Qf3 Kg6 31. Rh1 Rh8 32. Qh5+ Kg7 33. Qh6+ Kg8 34. Qh5 Kg7 35. f4 h6 36. Kf3 g4+ 37. Qxg4+ Qxg4+ 38. Kxg4 f5+ 39. Kxf5 Rf6+ 40. Ke5 Re8+ 41. Kd4 Rg6 42. Rc3 b5 43. b4 Rd8 44. e5 1-0

[Event "December 19 Early 2023"]
[Site "https://www.chess.com"]
[Date "2023.12.19"]
[Round "8"]
[White "Donatti, Alvaro"]
[Black "Vargas, Mauricio"]
[Result "0-1"]
[Board "183"]
[TimeControl "180+1"]
[WhiteFideId "3000303"]
[BlackFideId "4404572"]
[WhiteElo "2138"]
[BlackElo "1982"]
[WhiteTeam "URU"]
[BlackTeam "COL"]
[WhiteClock "0:00:00"]
[BlackClock "0:00:08"]

1. e4 d5 2. d4 dxe4 3. Nc3 Nf6 4. Bg5 Nbd7 5. Bc4 e6 6. f3 h6 7. Bh4 g5 8. Bg3 exf3 9. Nxf3 Bd6 10. O-O Bxg3 11. hxg3 Qe7 12. Nb5 Nb6 13. Bb3 c6 14. Nc3 Bd7 15. Ne5 O-O-O 16. a4 Rdf8 17. a5 Nbd5 18. a6 b6 19. Qf3 h5 20. Na4 Qb4 21. c4 g4 22. Qd3 Ne4 23. Nxd7 Kxd7 24. cxd5 Nd2 25. dxc6+ Kc7 26. Qe3 Nxf1 27. Rxf1 b5 28. Nc5 h4 29. Qe5+ Kxc6 30. d5+ exd5 31. Rf6+ Kxc5 0-1

[Event "December 19 Early 2023"]
[Site "https://www.chess.com"]
[Date "2023.12.19"]
[Round "8"]
[White "Masterisback04"]
[Black "Ghosh, Chanchal Kumer"]
[Result "0-1"]
[Board "184"]
[TimeControl "180+1"]
[BlackFideId "10201858"]
[WhiteElo "1733"]
[BlackElo "2067"]
[BlackTeam "BAN"]
[WhiteClock "0:00:18"]
[BlackClock "0:00:56"]

1. e4 c5 2. Nf3 d6 3. Bb5+ Bd7 4. Bxd7+ Qxd7 5. d4 cxd4 6. Qxd4 Nf6 7. Bg5 Nc6 8. Qd3 Ng4 9. c4 g6 10. Nc3 Bg7 11. O-O O-O 12. h3 Nge5 13. Nxe5 Nxe5 14. Qe2 Rac8 15. b3 Nxc4 16. bxc4 Bxc3 17. Rac1 Bg7 18. f4 Rc6 19. f5 Rfc8 20. fxg6 hxg6 21. h4 Qe6 22. h5 Rxc4 23. hxg6 fxg6 24. Rxc4 Rxc4 25. Qe3 Bd4 0-1

[Event "December 19 Early 2023"]
[Site "https://www.chess.com"]
[Date "2023.12.19"]
[Round "8"]
[White "Gulamirian, Korun"]
[Black "SulfatoFerroso"]
[Result "0-1"]
[Board "185"]
[TimeControl "180+1"]
[WhiteFideId "4144899"]
[WhiteElo "1621"]
[BlackElo "1889"]
[WhiteTeam "RUS"]
[WhiteClock "0:00:00"]
[BlackClock "0:00:28"]

1. e4 c5 2. Nf3 e6 3. d4 cxd4 4. Nxd4 Nc6 5. Be3 Qc7 6. Nc3 a6 7. Bd3 Nf6 8. O-O Be7 9. Nf3 b5 10. a3 Bb7 11. Qe2 Rc8 12. Rac1 Ng4 13. h3 Nxe3 14. Qxe3 O-O 15. Ne2 Ne5 16. Nxe5 Qxe5 17. c3 Bc5 18. Qg3 Qf6 19. Kh1 e5 20. Ng1 d5 21. exd5 Bxd5 22. Nf3 e4 23. Be2 exf3 24. gxf3 Bd6 25. Qg2 Rfe8 0-1

[Event "December 19 Early 2023"]
[Site "https://www.chess.com"]
[Date "2023.12.19"]
[Round "8"]
[White "Floresvillar Gonzalez, Luis Migu"]
[Black "Viasus, Juan Diego"]
[Result "1-0"]
[Board "186"]
[TimeControl "180+1"]
[WhiteFideId "5100542"]
[BlackFideId "4464346"]
[WhiteElo "2040"]
[BlackElo "1644"]
[WhiteTeam "MEX"]
[BlackTeam "COL"]
[WhiteClock "0:01:37"]
[BlackClock "0:01:25"]

1. e4 c5 2. d4 cxd4 3. c3 d3 4. Bxd3 Nc6 5. Nf3 g6 6. h4 Bg7 7. h5 d6 8. hxg6 hxg6 9. Rxh8 Bxh8 10. Bg5 Bf6 11. Nbd2 e6 12. Bxf6 Nxf6 13. Qe2 d5 14. exd5 Qxd5 15. Bc4 Qd6 16. O-O-O Qc7 17. Ne4 Nxe4 18. Qxe4 Bd7 19. Ng5 Qa5 20. f4 Qf5 21. Qxf5 gxf5 22. Nxf7 Kxf7 23. Rxd7+ Ne7 24. Rxb7 1-0

[Event "December 19 Early 2023"]
[Site "https://www.chess.com"]
[Date "2023.12.19"]
[Round "9"]
[White "Carlsen, Magnus"]
[Black "Nihal Sarin"]
[Result "1-0"]
[Board "1"]
[TimeControl "180+1"]
[WhiteFideId "1503014"]
[BlackFideId "25092340"]
[WhiteElo "2887"]
[BlackElo "2689"]
[WhiteTeam "NOR"]
[BlackTeam "IND"]
[WhiteClock "0:01:23"]
[BlackClock "0:02:39"]

1. e4 g6 2. d4 Bg7 3. Nf3 d6 4. Bd3 Nc6 5. d5 e5 6. dxc6 bxc6 7. O-O Nf6 8. c4 O-O 9. Nc3 Nd7 10. b4 a5 11. b5 Nc5 12. bxc6 Ra6 13. Be3 Rxc6 14. Rb1 f5 15. Bxc5 Rxc5 16. Rb5 c6 17. Rxc5 dxc5 18. Be2 Qe7 19. Qa4 Bd7 20. Qxa5 f4 21. Rd1 g5 22. Qc7 Rf7 23. Nxg5 Qxg5 24. Rxd7 f3 25. Qd8+ 1-0

[Event "December 19 Early 2023"]
[Site "https://www.chess.com"]
[Date "2023.12.19"]
[Round "9"]
[White "Rasulov, Vugar"]
[Black "Nakamura, Hikaru"]
[Result "0-1"]
[Board "2"]
[TimeControl "180+1"]
[WhiteFideId "13402390"]
[BlackFideId "2016192"]
[WhiteElo "2517"]
[BlackElo "2874"]
[WhiteTeam "AZE"]
[BlackTeam "USA"]
[WhiteClock "0:00:00"]
[BlackClock "0:00:06"]

1. d4 d5 2. c4 c5 3. cxd5 Qxd5 4. Nf3 cxd4 5. Nc3 Qa5 6. Nxd4 Nf6 7. Bd2 Qd8 8. Bg5 e6 9. e3 Be7 10. Bb5+ Nbd7 11. O-O O-O 12. Rc1 a6 13. Be2 Ne5 14. Bf4 Ng6 15. Bg3 e5 16. Nb3 Be6 17. Bf3 Qb8 18. Na5 Ra7 19. a3 Bd8 20. b4 Bxa5 21. bxa5 b5 22. axb6 Qxb6 23. Qa4 Rc7 24. Ne4 Nxe4 25. Bxe4 f5 26. Rxc7 Qxc7 27. Bd3 f4 28. Qxa6 Qf7 29. exf4 exf4 30. Qd6 fxg3 31. hxg3 Rc8 32. a4 Bc4 33. Rc1 Nf8 34. a5 Be6 35. Rxc8 Bxc8 36. a6 Qe6 37. Qxe6+ Nxe6 38. Be4 Bxa6 39. Bd5 Kf7 40. f3 Kf6 41. Kf2 Ke5 42. Bb3 Nc5 43. Ba2 Kd4 44. g4 g5 45. Bb1 h6 46. Kg3 Ke3 47. Ba2 Nd3 48. Bd5 Nf4 49. Bc6 Bf1 0-1

[Event "December 19 Early 2023"]
[Site "https://www.chess.com"]
[Date "2023.12.19"]
[Round "9"]
[White "Vokhidov, Shamsiddin"]
[Black "Kamsky, Gata"]
[Result "1-0"]
[Board "3"]
[TimeControl "180+1"]
[WhiteFideId "14204223"]
[BlackFideId "2000024"]
[WhiteElo "2588"]
[BlackElo "2660"]
[WhiteTeam "UZB"]
[BlackTeam "USA"]
[WhiteClock "0:00:21"]
[BlackClock "0:00:00"]

1. e4 e5 2. Nf3 Nc6 3. Bb5 Nf6 4. d3 d6 5. O-O Bd7 6. Re1 g6 7. d4 Bg7 8. Bxc6 Bxc6 9. dxe5 Nxe4 10. exd6 O-O 11. dxc7 Qxc7 12. c3 Rad8 13. Qc2 Nc5 14. Nd4 Be4 15. Qe2 Bxb1 16. Rxb1 Bxd4 17. cxd4 Ne6 18. Bh6 Rfe8 19. Qf3 Nxd4 20. Qf6 Nf5 21. Bg5 h6 22. Bd2 Qb6 23. Rxe8+ Rxe8 24. Qxb6 axb6 25. Kf1 h5 26. Rc1 Rd8 27. Bg5 Rd6 28. Rc7 f6 29. Bf4 Rd4 30. Bc1 b5 31. Ke2 Re4+ 32. Kd3 Rg4 33. g3 Rd4+ 34. Kc3 Rd1 35. Kb4 Rf1 36. Rc2 Nd4 37. Rc8+ Kf7 38. Be3 Nf5 39. Bc5 Rc1 40. Rc7+ Ke6 41. Rxb7 Kd5 42. Ba7 Nd6 43. Rg7 g5 44. Bb8 Rc4+ 45. Kb3 Ne4 46. a3 Nxf2 47. Rb7 Kc6 48. Rc7+ Kd5 49. Rd7+ Ke6 50. Rb7 Ne4 51. Rb6+ Kd7 52. Rxb5 Rc1 53. Rb4 Nc5+ 54. Ka2 Kc6 55. Rd4 Rc2 56. h4 gxh4 57. gxh4 Ne6 58. Rd6+ Kb7 59. Rxe6 Kxb8 60. Rxf6 Rc4 61. Rh6 Rxh4 62. Rh7 Rh3 63. a4 h4 64. b3 Rh1 65. Ka3 h3 66. Kb4 Kc8 67. Kb5 h2 68. b4 Kd8 69. a5 1-0

[Event "December 19 Early 2023"]
[Site "https://www.chess.com"]
[Date "2023.12.19"]
[Round "9"]
[White "Chigaev, Maksim"]
[Black "Kovalev, Vladislav"]
[Result "0-1"]
[Board "4"]
[TimeControl "180+1"]
[WhiteFideId "4108116"]
[BlackFideId "13504398"]
[WhiteElo "2561"]
[BlackElo "2539"]
[WhiteTeam "ESP"]
[BlackTeam "FID"]
[WhiteClock "0:00:02"]
[BlackClock "0:00:03"]

1. d4 Nf6 2. c4 e6 3. g3 d5 4. Bg2 dxc4 5. Nf3 Bb4+ 6. Nbd2 O-O 7. Qc2 a5 8. a3 Bxd2+ 9. Bxd2 b5 10. a4 c6 11. h4 Nbd7 12. h5 h6 13. g4 Nxg4 14. axb5 cxb5 15. Ng5 hxg5 16. Bxa8 a4 17. Bf3 Nh6 18. Rg1 f6 19. Bb4 Re8 20. O-O-O Qb6 21. Qg6 Rd8 22. Be7 Nf8 23. Bxd8 Qxd8 24. Qc2 Qd6 25. e3 Bd7 26. Qc3 Nf5 27. Be4 Ne7 28. Rh1 Nd5 29. Bxd5 exd5 30. h6 Bf5 31. hxg7 Kxg7 32. Qa5 Qd7 33. Rh2 Bg6 34. Rdh1 Qf5 35. Qc7+ Nd7 36. e4 dxe4 37. Qd8 e3 38. Qh8+ Kf7 39. Rh7+ Ke6 40. Qg8+ Kd6 41. Rxd7+ Kxd7 42. Qg7+ Kc6 43. d5+ Kb6 0-1

[Event "December 19 Early 2023"]
[Site "https://www.chess.com"]
[Date "2023.12.19"]
[Round "9"]
[White "Beerdsen, Thomas"]
[Black "Suleymanli, Aydin"]
[Result "0-1"]
[Board "5"]
[TimeControl "180+1"]
[WhiteFideId "1030108"]
[BlackFideId "13413937"]
[WhiteElo "2550"]
[BlackElo "2553"]
[WhiteTeam "NED"]
[BlackTeam "AZE"]
[WhiteClock "0:00:45"]
[BlackClock "0:00:21"]

1. e4 c5 2. Nf3 e6 3. d4 cxd4 4. Bg5 Qa5+ 5. c3 dxc3 6. Nxc3 Nc6 7. Bd3 Nf6 8. O-O Be7 9. Qe2 d6 10. a3 Nd4 11. Bb5+ Nxb5 12. Nxb5 a6 13. Bxf6 gxf6 14. Nbd4 Rg8 15. Rac1 Bd7 16. Rfd1 Rc8 17. Rxc8+ Bxc8 18. Rc1 Bd7 19. g3 Bd8 20. Qe3 Bb6 21. Qh6 Bxd4 22. Nxd4 Qg5 23. Qxg5 Rxg5 24. Rc7 Rc5 25. Rxb7 Rc4 26. Ne2 Rxe4 27. Rb8+ Ke7 28. Nc3 Re1+ 29. Kg2 Bc6+ 30. Kh3 Bf3 31. g4 Rg1 32. Rb4 e5 33. Kh4 d5 34. h3 d4 35. Na4 d3 36. Nc3 d2 37. Rb6 Rc1 0-1

[Event "December 19 Early 2023"]
[Site "https://www.chess.com"]
[Date "2023.12.19"]
[Round "9"]
[White "Kravtsiv, Martyn"]
[Black "Praggnanandhaa R"]
[Result "0-1"]
[Board "6"]
[TimeControl "180+1"]
[WhiteFideId "14113147"]
[BlackFideId "25059530"]
[WhiteElo "2689"]
[BlackElo "2665"]
[WhiteTeam "UKR"]
[BlackTeam "IND"]
[WhiteClock "0:00:00"]
[BlackClock "0:00:18"]

1. e4 Nc6 2. Nf3 d6 3. d4 Nf6 4. Nc3 g6 5. d5 Nb8 6. Bg5 Bg7 7. Qd2 Bg4 8. Nd4 c5 9. Nde2 b5 10. f3 Bd7 11. Ng3 Qa5 12. Nxb5 Qb6 13. c4 Bxb5 14. cxb5 a6 15. a4 Qb7 16. bxa6 Nxa6 17. Bb5+ Nd7 18. Bc6 Qxb2 19. Qxb2 Bxb2 20. Rb1 Bc3+ 21. Ke2 Ra7 22. Rhc1 Bb4 23. Bb5 f6 24. Be3 Kf7 25. Nh1 Ba5 26. Nf2 Nb4 27. f4 Nb6 28. Nd3 Na2 29. Rc2 Nc3+ 30. Rxc3 Bxc3 31. Rb3 Bd4 32. Bxd4 cxd4 33. Nb4 Nxa4 34. Nc6 Nc5 35. Rb2 Ra3 36. Nxd4 Nxe4 37. Bd7 Rha8 38. Be6+ Kf8 0-1

[Event "December 19 Early 2023"]
[Site "https://www.chess.com"]
[Date "2023.12.19"]
[Round "9"]
[White "Bortnyk, Olexandr"]
[Black "Vakhlamov, Igor L."]
[Result "1-0"]
[Board "7"]
[TimeControl "180+1"]
[WhiteFideId "14120828"]
[BlackFideId "24126748"]
[WhiteElo "2731"]
[BlackElo "2407"]
[WhiteTeam "UKR"]
[BlackTeam "RUS"]
[WhiteClock "0:00:23"]
[BlackClock "0:00:00"]

1. e4 e6 2. d4 d5 3. e5 c5 4. Nf3 Nc6 5. Bd3 cxd4 6. O-O Nge7 7. Bf4 Ng6 8. Bg3 Be7 9. Re1 Bd7 10. Nbd2 Rc8 11. Nb3 Nb4 12. Nbxd4 Nxd3 13. Qxd3 O-O 14. c3 a6 15. a4 Rc4 16. a5 Rc5 17. b4 Rc7 18. Qe3 h6 19. Ra3 Rc4 20. Nd2 Rc8 21. f4 Qc7 22. f5 exf5 23. e6 f4 24. Bxf4 Nxf4 25. exd7 Qxd7 26. Qxf4 Bg5 27. Qf2 Rfe8 28. N2f3 Rxe1+ 29. Qxe1 Re8 30. Qg3 Be3+ 31. Kh1 Qc8 32. h4 g6 33. Ra1 Qxc3 34. Re1 h5 35. b5 Re4 36. Nf5 Bf4 37. Rxe4 1-0

[Event "December 19 Early 2023"]
[Site "https://www.chess.com"]
[Date "2023.12.19"]
[Round "9"]
[White "Grandelius, Nils"]
[Black "Durarbayli, Vasif"]
[Result "1-0"]
[Board "8"]
[TimeControl "180+1"]
[WhiteFideId "1710400"]
[BlackFideId "13402935"]
[WhiteElo "2573"]
[BlackElo "2551"]
[WhiteTeam "SWE"]
[BlackTeam "AZE"]
[WhiteClock "0:00:09"]
[BlackClock "0:00:00"]

1. d4 Nf6 2. Nf3 e6 3. Bg5 h6 4. Bh4 d5 5. Nbd2 Nbd7 6. e3 c5 7. c3 Bd6 8. Bd3 O-O 9. O-O b6 10. Qe2 Bb7 11. Rad1 Qc7 12. dxc5 bxc5 13. e4 Nh5 14. Bg3 Nf4 15. Bxf4 Bxf4 16. Rfe1 a5 17. e5 Bxd2 18. Qxd2 a4 19. h4 d4 20. Be4 Rfd8 21. cxd4 cxd4 22. Bxb7 Qxb7 23. Qxd4 Nf8 24. Qxd8 Rxd8 25. Rxd8 Qxb2 26. Ra8 Qxa2 27. Rd1 a3 28. h5 g6 29. Rdd8 gxh5 30. Rxf8+ Kg7 31. Rg8+ Kh7 32. Rgf8 Kg7 33. Rg8+ Kh7 34. Rh8+ Kg6 35. Nh4+ Kg5 36. g3 Qb1+ 37. Kh2 1-0

[Event "December 19 Early 2023"]
[Site "https://www.chess.com"]
[Date "2023.12.19"]
[Round "9"]
[White "Popov, Konstantin"]
[Black "IM_ArthurDW08"]
[Result "1/2-1/2"]
[Board "9"]
[TimeControl "180+1"]
[WhiteFideId "34137910"]
[WhiteElo "2340"]
[BlackElo "2790"]
[WhiteTeam "FID"]
[WhiteClock "0:00:05"]
[BlackClock "0:01:02"]

1. e4 c5 2. Nf3 Nc6 3. d4 cxd4 4. Nxd4 Qb6 5. Nb3 Nf6 6. Nc3 e6 7. Qe2 d6 8. g3 a6 9. Bg2 Be7 10. O-O O-O 11. Be3 Qc7 12. a4 Bd7 13. a5 Ne5 14. Bb6 Qc4 15. Qd2 Qb4 16. Nd5 Nxd5 17. exd5 Qg4 18. Nd4 Nc4 19. Qd3 Nxb6 20. dxe6 fxe6 21. axb6 e5 22. Nb3 Bb5 23. Qd5+ Kh8 24. Qxb7 Bxf1 25. Rxf1 Bf6 26. Qxa8 Rxa8 27. Bxa8 Qb4 28. b7 e4 29. Na5 e3 30. Nc6 exf2+ 31. Rxf2 Qe1+ 32. Kg2 Qe4+ 33. Rf3 Qe2+ 34. Kh3 Qe6+ 35. g4 h5 36. b8=Q+ Kh7 37. Ne5 Bxe5 38. Be4+ g6 39. Bf5 gxf5 40. Qb7+ Kh6 41. gxf5 Qc4 42. Kg2 Qe2+ 43. Rf2 Qg4+ 44. Kf1 Qd1+ 45. Kg2 Qg4+ 46. Kf1 Qd1+ 47. Kg2 Qg4+ 1/2-1/2

[Event "December 19 Early 2023"]
[Site "https://www.chess.com"]
[Date "2023.12.19"]
[Round "9"]
[White "Agibileg, Uurtsaikh"]
[Black "Maksimovic, Bojan"]
[Result "0-1"]
[Board "10"]
[TimeControl "180+1"]
[WhiteFideId "4901606"]
[BlackFideId "14408120"]
[WhiteElo "2288"]
[BlackElo "2527"]
[WhiteTeam "MGL"]
[BlackTeam "BIH"]
[WhiteClock "0:00:00"]
[BlackClock "0:00:10"]

1. d4 g6 2. c4 Bg7 3. e4 d6 4. Nc3 e5 5. d5 a5 6. g4 Na6 7. h4 Nf6 8. Be2 Nc5 9. f3 h5 10. g5 Nh7 11. Be3 O-O 12. Nh3 Bxh3 13. Rxh3 f6 14. Qd2 fxg5 15. hxg5 b6 16. O-O-O Qe7 17. Kb1 Rf7 18. Rg1 Raf8 19. Nb5 Rf4 20. Bxf4 exf4 21. Nd4 Be5 22. Rh2 Qg7 23. Ne6 Nxe6 24. dxe6 Qe7 25. Qd5 Kg7 26. Bd1 Rd8 27. Ba4 Nf8 28. Bd7 Nxd7 29. exd7 Qxd7 30. Qd1 Qe6 31. Qd5 Qe7 32. Qc6 Re8 33. Qd5 Qd7 34. Qd1 c6 35. Qd3 Qe7 36. Qd1 Rb8 37. Qa4 b5 38. Qxa5 bxc4 39. Rd1 c3 40. b3 c5 41. Qa6 Qc7 42. Qc4 Rb4 43. Qe6 c4 44. Kc2 Qa7 45. Ra1 Kh7 46. Rxh5+ gxh5 47. Qh6+ Kg8 48. Qg6+ Kf8 49. Qh6+ Ke8 50. Qxh5+ Kd8 51. Kc1 Qg1+ 52. Kc2 Qf2+ 0-1